 Dungeon Crawl Stone Soup version 0.31-a0-819-gf6de2f5ab6 (webtiles) character file.

Game seed: 1649366029057508471

8 qw the Shooter (level 2, -2/17 HPs)
             Began as a Gargoyle Hunter on Sept 23, 2023.
             Frozen to death by an endoplasm (3 damage)
             ... on level 1 of the Dungeon.
             The game lasted 00:00:06 (129 turns).

qw the Shooter (Gargoyle Hunter)                     Turns: 129, Time: 00:00:06

Health: -2/17      AC:  5    Str: 14    XL:     2   Next: 8%
Magic:  2/2        EV: 11    Int:  9    God:
Gold:   24         SH:  0    Dex: 13    Spells: 1/1 levels left

rFire   . . .        a - +0 shortbow
rCold   . . .        (shield currently unavailable)
rNeg    + . .        c - +0 leather armour
rPois   inf          (no helmet)
rElec   +            (no cloak)
rCorr   .            (no gloves)
SInv    .            (no boots)
Will    .....        (no amulet)
Stlth   +            (no ring)
HPRegen 0.22/turn    (no ring)
MPRegen 0.08/turn

%: no passive effects
@: no status effects
A: sickness immunity, AC +2, negative energy resistance 1, electricity
resistance, torment resistance 1, petrification resistance
a: no special abilities


You were on level 1 of the Dungeon.
You visited 1 branch of the dungeon, and saw 1 of its levels.

You collected 24 gold pieces.


Innate Abilities, Weirdness & Mutations

You are immune to sickness and miasma.
Your stone body is resilient. (AC +2)
You are immune to poison.
You resist negative energy. (rN+)
You are resistant to electric shocks. (rElec)
You are resistant to unholy torment.
You are immune to petrification.


   Skills:
 - Level 2.1 Fighting
 + Level 4.4 Ranged Weapons
 - Level 1.5 Dodging
 - Level 1.1 Stealth


You had one spell level left.
You didn't know any spells.
Your spell library was empty.

Inventory:

Hand Weapons
 a - a +0 shortbow (weapon)
Armour
 c - a +0 leather armour (worn)
Scrolls
 b - a scroll of butterflies
 e - a scroll of brand weapon {unknown}
Potions
 d - a potion of attraction {unknown}

Dungeon Overview and Level Annotations

Branches:
Dungeon (1/15)

Altars:


Message History

You shoot an arrow. The arrow barely misses the hobgoblin.
The arrow closely misses the kobold.
The rat bites you. The hobgoblin barely misses you. The rat barely misses you.
You shoot an arrow. The arrow hits the hobgoblin.
The hobgoblin is moderately wounded.
The hobgoblin closely misses you.
An endoplasm comes into view.
The rat closely misses you.
You shoot an arrow. The arrow barely misses the hobgoblin.
The rat bites you but does no damage.
The hobgoblin hits you but does no damage.
The kobold hits you with a +0 short sword.
You shoot an arrow. The arrow hits the hobgoblin.
The hobgoblin is severely wounded.
The rat closely misses you.
The hobgoblin hits you but does no damage.
The kobold hits you but does no damage.
You shoot an arrow. The arrow hits the hobgoblin.
The hobgoblin is almost dead.
The rat bites you but does no damage. The hobgoblin hits you.
The kobold barely misses you.
You shoot an arrow.
The arrow hits the hobgoblin but does no damage.
The hobgoblin is almost dead.
The rat misses you. The hobgoblin closely misses you.
The kobold hits you with a +0 short sword.
The rat closely misses you.
The hobgoblin hits you but does no damage.
You shoot an arrow. The arrow hits the hobgoblin.
You kill the hobgoblin!
The endoplasm closely misses you. The kobold barely misses you.
The rat barely misses you. The endoplasm freezes you.
You are frozen.
The kobold closely misses you.
You shoot an arrow.
The arrow hits the endoplasm but does no damage.
The rat bites you. The endoplasm freezes you.
You are frozen.
You die...

#.........................
##.......................
#...........(.##.....##...
..#.#.........####........
..#...####.##.............
..#%######..###...........
##..%.....................
##..#####..#####.J.(......
##....# #.## #@.........
##..#.###.# #Kr........
....#.....# ##g.#.......
....#...#######..##......
......#..................
.......#...............#.
........................
###...................#.
#..##....g...?........


You could see an endoplasm, a hobgoblin, a kobold and a rat.

Vanquished Creatures
  A bat (D:1)
  An endoplasm (D:1)
  A giant cockroach (D:1)
  3 hobgoblins (D:1)
6 creatures vanquished.

Notes
Turn   | Place    | Note
-------+----------+-------------------------------------------
     0 | D:1      | qw the Gargoyle Hunter began the quest for the Orb.
     0 | D:1      | Reached XP level 1. HP: 12/12 MP: 1/1
     0 | D:1      | 0 ||| qw: Version: 0.3-a-83-gcd0e7d8
     0 | D:1      | 0 ||| qw: Game counter: 1636
     0 | D:1      | 0 ||| qw: Melee chars always use a shield: true
     0 | D:1      | 0 ||| qw: God list: Okawaru
     0 | D:1      | 0 ||| qw: Allow faded altars: false
     0 | D:1      | 0 ||| qw: Do Orc after clearing Dungeon:15 true
     0 | D:1      | 0 ||| qw: Do second Lair branch before Depths: true
     0 | D:1      | 0 ||| qw: Lair rune preference: random
     0 | D:1      | 0 ||| qw: Goals: Normal
     0 | D:1      | 0 ||| PLANNING D:1-11
   114 | D:1      | 114 ||| RETREEAATING.
   115 | D:1      | 115 ||| STILL RETREEAATING.
   116 | D:1      | 116 ||| STILL RETREEAATING.
   117 | D:1      | 117 ||| STILL RETREEAATING.
   122 | D:1      | Reached XP level 2. HP: 13/17 MP: 2/2
   128 | D:1      | HP: 3/17 [frozen (3)]
   129 | D:1      | HP: 1/17 [rat (3)]
   129 | D:1      | Frozen to death by an endoplasm

Levels and vault maps discovered:
D:1:      sevenhm_arrival_forest_fort_small_6, layout_rooms

Action                     || total
---------------------------++-------
   Fire: Shortbow          ||    26
 Armour: Leather armour    ||    15
  Dodge: Dodged            ||    14

Table legend:
 A = Non-vault XP
 B = Vault XP
 C = Vault XP percentage of total XP
 D = Non-vault monster count
 E = Vault monster count
 F = Vault count percentage of total count
                 A         B        C        D         E       F
            +---------+---------+-------+---------+---------+-------
      Total |      12 |       0 |   0.0 |       6 |       0 |   0.0
            +---------+---------+-------+---------+---------+-------
        D:1 |      12 |       0 |   0.0 |       6 |       0 |   0.0
            +---------+---------+-------+---------+---------+-------
